 Dungeon Crawl Stone Soup version 0.14.0-26-g1682e81 (webtiles) character file.

1542 DaftWullie the Slicer (level 9, 0/53 HPs)
             Began as a Kobold Berserker on Apr 25, 2014.
             Was a High Priest of Trog.
             Slain by a wight
             ... wielding a cursed +1,+3 halberd of freezing
              (9 damage)
             ... on Level 6 of the Dungeon on Apr 26, 2014.
             The game lasted 00:55:46 (5473 turns).

DaftWullie the Slicer (Kobold Berserker)            Turns: 5473, Time: 00:55:46

HP   0/53        AC  9     Str 16      XL: 9   Next:  2%
MP   9/9         EV 17     Int  6      God: Trog [*****.]
Gold 126         SH  0     Dex 16 (17) Spells:  0 memorised,  8 levels left

rFire  . . .     SeeInvis .     a - +2 short sword
rCold  . . .     Clarity  .     w - +0 leather armour
rNeg   . . .     Conserve .     (no shield)
rPois  .         rCorr    .     (no helmet)
rElec  .         rRot     .     (no cloak)
SustAb . .       Spirit   .     (no gloves)
rMut   .         Warding  .     n - +0 pair of boots
Saprov + + .     Stasis   .     (no amulet)
MR     +....                    M - +5 ring of protection
                                u - ring of protection from magic {unknown}

@: drained, somewhat resistant to hostile enchantments, fairly stealthy
A: disease resistance, carnivore 3, saprovore 2
a: Burn Spellbooks, Berserk, Trog's Hand, Brothers in Arms, Renounce Religion


You were on level 6 of the Dungeon.
You worshipped Trog.
Trog was extremely pleased with you.
You were completely stuffed.

You visited 1 branch of the dungeon, and saw 8 of its levels.

You collected 264 gold pieces.
You spent 138 gold pieces at shops.

Inventory:

Hand weapons
 a - a +2,+2 short sword (weapon)
 h - a +1,+1 dagger of venom
 t - a +0,+0 short sword
 A - a +0,+0 short sword
 I - a +0 blowgun
Missiles
 f - 42 poisoned needles
 l - 111 darts (quivered)
 q - 3 darts of frost
 G - 12 silver darts
Armour
 b - a +0 animal skin
 d - a +0 leather armour
 e - a +0 scale mail
 k - a +0 leather armour
 n - a +0 pair of boots (worn)
 w - a +0 leather armour (worn)
 B - a +0 leather armour
 N - a cursed -1 leather armour
 P - a +0 leather armour
 Q - a +0 leather armour
 R - a +0 leather armour
 S - a +0 leather armour
Magical devices
 r - a wand of fireball (0)
 z - a wand of enslavement (5)
 H - a wand of teleportation (4)
 K - a wand of slowing (17)
Comestibles
 c - 4 meat rations
Scrolls
 j - 5 scrolls of teleportation
 p - a scroll of enchant armour {unknown}
 s - 2 scrolls of immolation {unknown}
 y - a scroll of enchant weapon I
 D - a scroll of blinking
 E - a scroll of noise
 F - a scroll of random uselessness
 J - a scroll of remove curse
 L - a scroll of fog {unknown}
 O - 2 scrolls of identify
Jewellery
 u - a ring of protection from magic (left hand) {unknown}
 M - a +5 ring of protection (right hand)
Potions
 g - 3 potions of restore abilities {unknown}
 i - 2 potions of might {unknown}
 m - 3 potions of heal wounds
 o - 2 potions of paralysis {unknown}
 v - 2 potions of poison
 x - 4 potions of curing
 C - a potion of brilliance


   Skills:
 + Level 4.9(4.6) Fighting
 * Level 9.7(9.3) Short Blades
 + Level 4.7(4.4) Throwing
 - Level 1.5(1.2) Armour
 + Level 7.1(6.8) Dodging
 + Level 2.8(2.5) Stealth


You had 8 spell levels left.
You didn't know any spells.

Dungeon Overview and Level Annotations

Branches:
Dungeon (8/15)             Temple (0/1) D:5
   Lair: D:8-11

Altars:
Kikubaaqudgha
Nemelex Xobeh
Okawaru
Trog
Vehumet

Shops:
D:4 ?


Innate Abilities, Weirdness & Mutations

You recuperate from illness quickly.
You are small and have problems with some larger weapons.
You are carnivorous and can eat meat at any time.
You can eat rotten meat.


Message History

The wight closely misses you.
You hit the wight.
The wight is lightly damaged.
You hit the wight but do no damage.
The wight is lightly damaged.
The wight misses you.
You barely miss the wight.
The wight is lightly damaged.
You hit the wight but do no damage.
The wight is lightly damaged.
The wight hits you with a halberd of freezing.
* * * LOW HITPOINT WARNING * * *
The wight freezes you.
* * * LOW HITPOINT WARNING * * *
You hit the wight.
The wight is moderately damaged.
You closely miss the wight.
The wight is moderately damaged.
The wight hits you with a halberd of freezing!
You die...

#.(# ... #..# # ....
##..####.## .... ..
.......... ###### ....
....###..#...... .....
#....
.....................###.
..... #..# ....... .....
#..#####..########...###..
....
..............(z@.........
....
#..#####..########...####.
.### #..#### ...# #
#..#####.....# ...# #
.............# .###
#..#####.....# .## #>....#
#....... .. #.....#
#........
#....###.....####.........


You could see a wight.

Vanquished Creatures
  Grinder (D:3)
  A phantom (D:5)
  An orc warrior (D:7)
  An ice beast (D:5)
  A centaur (D:5)
  Blork the orc (D:4)
  2 wights (D:6)
  A quasit (D:5)
  2 hounds (D:4)
  3 orc priests
  A giant frog skeleton (D:3)
  2 worker ants
  4 orc wizards
  Ijyb (D:2)
  Terence (D:3)
  2 hound skeletons (D:4)
  8 adders
  2 giant mites (D:2)
  2 worms
  6 giant geckos
  4 oozes
  26 orcs
  A ball python (D:2)
  A bat skeleton (D:4)
  5 giant cockroaches
  13 hobgoblins
  14 kobolds
  2 quokkas
  9 bats
  9 giant newts
  10 goblins
  A hobgoblin skeleton (D:5)
  12 jackals
  A kobold skeleton (D:4)
  8 rats
  A rat skeleton (D:4)
160 creatures vanquished.

Notes
Turn   | Place    | Note
--------------------------------------------------------------
     0 | D:1      | DaftWullie, the Kobold Berserker, began the quest for the Orb.
     0 | D:1      | Reached XP level 1. HP: 14/14 MP: 1/1
   100 | D:1      | Reached XP level 2. HP: 13/19 MP: 2/2
   495 | D:1      | Reached XP level 3. HP: 18/23 MP: 3/3
   498 | D:1      | Upgraded the game from 0.14.0-25-g43f8a4e to 0.14.0-26-g1682e81
   874 | D:2      | Acquired Trog's second power
   919 | D:2      | Reached skill level 1 in Throwing
  1103 | D:2      | Reached skill level 5 in Short Blades
  1214 | D:2      | Reached XP level 4. HP: 29/29 MP: 4/4
  1328 | D:2      | Noticed Ijyb
  1340 | D:2      | Killed Ijyb
  1416 | D:2      | Reached XP level 5. HP: 19/33 MP: 5/5
  1573 | D:2      | Found a sparkling altar of Nemelex Xobeh.
  2263 | D:3      | Reached skill level 6 in Short Blades
  2303 | D:2      | Found a sparkling altar of Nemelex Xobeh.
  2340 | D:3      | Found a radiant altar of Vehumet.
  2378 | D:3      | Noticed Terence
  2392 | D:3      | Killed Terence
  2652 | D:3      | Reached XP level 6. HP: 24/38 MP: 6/6
  2797 | D:3      | Noticed Grinder
  2816 | D:3      | Killed Grinder
  2816 | D:3      | Reached skill level 7 in Short Blades
  2816 | D:3      | Reached XP level 7. HP: 33/43 MP: 7/7
  3251 | D:4      | Found Suri's Magic Scroll Shoppe.
  3263 | D:4      | Bought a scroll of identify for 24 gold pieces
  3263 | D:4      | Bought a scroll of blinking for 90 gold pieces
  3263 | D:4      | Bought a scroll of noise for 12 gold pieces
  3263 | D:4      | Bought a scroll of random uselessness for 12 gold pieces
  3298 | D:4      | Reached skill level 1 in Stealth
  3362 | D:4      | Reached skill level 5 in Dodging
  3436 | D:5      | Entered Level 5 of the Dungeon
  3461 | D:4      | Noticed Blork the orc
  3490 | D:4      | Killed Blork the orc
  3537 | D:5      | Found an ancient bone altar of Kikubaaqudgha.
  3565 | D:4      | Found an iron altar of Okawaru.
  3673 | D:4      | Reached skill level 8 in Short Blades
  4045 | D:4      | Acquired Trog's third power
  4306 | D:5      | Reached XP level 8. HP: 48/48 MP: 8/8
  4376 | D:5      | Found a bloodstained altar of Trog.
  4635 | D:5      | Found a staircase to the Ecumenical Temple.
  4799 | D:5      | Reached skill level 9 in Short Blades
  5098 | D:5      | Found a bloodstained altar of Trog.
  5464 | D:6      | Reached XP level 9. HP: 14/53 MP: 9/9
  5473 | D:6      | Slain by a wight

Action                   |  1- 3 |  4- 6 |  7- 9 || total
-------------------------+-------+-------+-------++-------
Melee: Short sword       |   125 |   237 |   336 ||   698
Throw: Dart              |    19 |    30 |    66 ||   115
Invok: Berserk           |     3 |     4 |     6 ||    13
       Trog's Hand       |       |     1 |       ||     1
Evoke: Wand              |       |     1 |     8 ||     9
  Use: Potion            |     1 |       |     1 ||     2
       Scroll            |     3 |       |     5 ||     8
 Stab: Sleeping          |       |       |     3 ||     3
